 Dungeon Crawl Stone Soup version 0.31-a0-229-g1fc7ce93e2 (webtiles) character file.

Game seed: 16039811423898762647

284809 Ge0ff the Alchemist (level 19, -15/166 HPs)
             Began as an Armataur Chaos Knight on July 6, 2023.
             Was an Initiate of Gozag.
             Demolished by a +2 executioner's axe of venom (36 damage)
             ... on level 2 of the Elven Halls on July 7, 2023.
             The game lasted 02:17:24 (65032 turns).

Ge0ff the Alchemist (Armataur Chaos Knight)        Turns: 65032, Time: 02:17:24

Health: -15/166    AC: 15    Str: 24    XL:     19   Next: 79%
Magic:  10/30      EV: 21    Int: 18    God:    Gozag
Gold:   1724       SH:  5    Dex: 19    Spells: 7/39 levels left

rFire   . . .        a - melded staff of air {!a}
rCold   . . .        x - melded +0 buckler
rNeg    . . .        Q - melded +0 robe of Sif Muna {+Blink Int+5}
rPois   ∞            r - melded +0 helmet
rElec   +            D - melded +0 cloak
rCorr   .            Y - melded +2 pair of gloves {Str+3}
SInv    .            b - melded +2 barding {rC+}
Will    +....        i - amulet of reflection
Stlth   ++           e - +6 ring of strength
HPRegen 0.47/turn    Z - ring of Suspicion {Wiz Int+3, =R}
MPRegen 0.22/turn

%: reflection, roll, wizardry (x1)
@: about to teleport, storm-form, gold aura, blinkbolt cooldown, flying, very
slightly contaminated, studying Ice Magic
A: cleaving, insubstantial, flying, large, rugged brown scales 3, (deformed
body), (armoured tail), roll, long tongue, awkward tongue, (claws 1), agile 2,
low MP 1, screaming 2
}: 2/15 runes: serpentine, barnacled
a: Blinkbolt, End Transformation, Renounce Religion, Potion Petition, Call
Merchant, Bribe Branch


You were on level 2 of the Elven Halls.
You worshipped Gozag.
Gozag was most pleased with you.
You were a lightning-filled tempest!
You visited 7 branches of the dungeon, and saw 33 of its levels.
You visited the Abyss 1 time.
You also visited: Ice Cave.

You collected 14682 gold pieces.
You spent 6169 gold pieces at shops.
You paid 6789 gold pieces to Gozag.

Inventory:

Missiles
 d - 3 silver boomerangs
 g - 6 throwing nets {=F}
 h - 30 javelins
 v - 6 curare-tipped darts {=F}
 w - 14 silver javelins
 S - 19 boomerangs
Armour
 b - a +2 barding of cold resistance (melded)
 r - a +0 helmet (melded)
 x - a +0 buckler (melded)
 D - a +0 cloak (melded)
 Q - the +0 robe of Sif Muna (melded) {+Blink Int+5}
   (You found it on level 2 of the Snake Pit)

   Int:       It affects your intelligence (+5).
   +Blink:    It lets you blink.
 Y - a +2 pair of gloves of strength (melded)
Magical Staves
 a - a staff of air (melded) {!a}
Jewellery
 e - a +6 ring of strength (left fist)
 i - an amulet of reflection (around neck)
 t - a ring of ice
 G - a ring of fire
 P - an amulet of guardian spirit
 Z - the ring of Suspicion (right fist) {Wiz Int+3, =R}
   (You bought it in a shop on level 4 of the Snake Pit)

   [ring of wizardry]

   It improves your spell success rate.
   Int:       It affects your intelligence (+3).
Wands
 f - a wand of flame (49)
 j - a wand of acid (1)
 k - a wand of iceblast (6)
 p - a wand of paralysis (12)
 s - a wand of mindburst (11)
Scrolls
 m - 4 scrolls of revelation
 y - 5 scrolls of immolation
 B - 4 scrolls of blinking
 C - 2 scrolls of poison
 E - 4 scrolls of fear
 F - 4 scrolls of fog
 J - 2 scrolls of silence {!r}
 T - 10 scrolls of teleportation
 V - 3 scrolls of vulnerability
Potions
 o - 6 potions of ambrosia
 q - 12 potions of curing
 u - 4 potions of mutation {!q}
 z - 6 potions of brilliance
 A - 3 potions of attraction
 H - 2 potions of haste {!q}
 I - a potion of invisibility
 K - 3 potions of magic {!q}
 L - a potion of lignification
 M - 4 potions of might
 N - 3 potions of cancellation {!q}
 R - a potion of resistance
 W - 2 potions of heal wounds {!q}
 X - 2 potions of enlightenment
Miscellaneous
 c - a condenser vane
 l - a lightning rod (4/4)
 n - a phial of floods
 O - a sack of spiders
 U - a phantom mirror


   Skills:
 + Level 10.6 Fighting
 - Level 6.0 Throwing
 - Level 4.0 Armour
 + Level 6.1 Dodging
 - Level 2.0 Stealth
 - Level 7.0 Shields
 + Level 13.0 Unarmed Combat
 + Level 10.6 Spellcasting
 + Level 10.8 Conjurations
 + Level 3.9 Hexes
 + Level 9.2 Translocations
 + Level 16.1 Transmutations
 + Level 12.6 Air Magic
 - Level 2.3 Invocations
 + Level 8.5 Evocations


You had 7 spell levels left.
You knew the following spells:

 Your Spells              Type           Power      Damage    Failure   Level
d - Iskenderun's Mystic   Conj/Tloc      45%        2d10      1%          4
g - Apportation           Tloc           84%        N/A       1%          1
s - Storm Form            Tmut/Air       28%        N/A       7%          7
y - Yara's Violent Unrav  Hex/Tmut       22%        3d10      1%          5
C - Vhi's Electric Charg  Tloc/Air       96%        N/A       1%          3
D - Dragon Form           Tmut           30%        N/A       3%          7
E - Irradiate             Conj/Tmut      27%        3d20      1%          5

Your spell library contained the following spells:

 Spells                   Type           Power      Damage    Failure   Level
 Kiss of Death            Conj/Necr      100%       2d13      1%          1
 Shock                    Conj/Air       100%       1d9       1%          1
 Sting                    Tmut/Pois      100%       1d8       1%          1
 Cigotuvi's Dreadful Rot  Necr/Pois/Air  48%        N/A       1%          2
 Ensorcelled Hibernation  Hex/Ice        32%        N/A       1%          2
 Poisonous Vapours        Pois/Air       64%        N/A       1%          2
 Static Discharge         Conj/Air       100%       2-7/arc   1%          2
 Confusing Touch          Hex            23%        N/A       1%          3
 Dazzling Flash           Conj/Hex       72%        N/A       1%          3
 Portal Projectile        Hex/Tloc       66%        N/A       1%          3
 Spider Form              Tmut/Pois      38%        N/A       1%          3
 Swiftness                Air            53%        N/A       1%          3
 Tukima's Dance           Hex            23%        N/A       1%          3
 Volatile Blastmotes      Fire/Tloc      52%        2d14      1%          3
 Airstrike                Air            26%        2d(4-20)  1%          4
 Passage of Golubria      Tloc           42%        N/A       1%          4
 Arcjolt                  Conj/Air       25%        1d35      1%          5
 Blade Hands              Tmut           30%        N/A       1%          5
 Iskenderun's Battlesphe  Conj           48%        2d10      1%          5
 Summon Lightning Spire   Summ/Air       32%        N/A       2%          4
 Necrotise                Necr           36%        1d5       3%          1
 Summon Small Mammal      Summ           36%        N/A       3%          1
 Alistair's Intoxication  Tmut/Pois      25%        N/A       3%          5
 Conjure Ball Lightning   Conj/Air       25%        3x3d7     4%          6
 Cause Fear               Hex            11%        N/A       6%          4
 Fireball                 Conj/Fire      14%        3d8       9%          5
 Summon Forest            Summ/Tloc      13%        N/A       12%         5
 Anguish                  Hex/Necr       8%         N/A       13%         4
 Eringya's Noxious Bog    Tmut/Pois      19%        4d6       16%         6
 Dispel Undead            Necr           9%         3d8       28%         4
 Olgreb's Toxic Radiance  Pois           9%         N/A       28%         4
 Orb of Destruction       Conj           24%        9d9       28%         7
 Plasma Beam              Fire/Air       16%        2x1d27    32%         6
 Starburst                Conj/Fire      14%        6d6       43%         6
 Death Channel            Necr           4%         N/A       98%         6
 Enfeeble                 Hex            11%        N/A       99%         7
 Summon Hydra             Summ           4%         N/A       100%        7
 Maxwell's Capacitive Co  Air            26%        ∞         69%         8
 Dragon's Call            Summ           4%         N/A       100%        9


Dungeon Overview and Level Annotations

Branches:
Dungeon (15/15) Zot: 24565  Temple (1/1) D:5 Zot: 5889    Lair (5/5) D:10 Zot: 19073
 Shoals (4/4) Lair:3 Zot: 15229   Snake (4/4) Lair:2 Zot: 14418   Slime (0/5) Lair:4
    Orc (2/2) D:9 Zot: 8441     Elf (2/3) Orc:2 Zot: 9111  Vaults (0/5) D:13
 Depths (0/4) D:15          IceCv (visited)

Altars:
Ashenzari
Cheibriados
Dithmenos
Elyvilon
Fedhas
Gozag
Hepliaklqana
Kikubaaqudgha
Makhleb
Nemelex Xobeh
Okawaru
Qazlal
Ru
Sif Muna
Trog
Uskayaw
Vehumet
Wu Jian
Xom
Yredelemnul
Zin
The Shining One
Jiyva
Lugonu

Shops:
D:2 [   D:14 (   D:15 :   Orc:1 [   Orc:2 *!:[?***!   Shoals:1 [*   Shoals:3 [
Snake:3 (   Snake:4 =::

Portals:
Abyss: Lair:5
Pandemonium: Orc:2

Annotations:
D:10 dig


Innate Abilities, Weirdness & Mutations

You are a lightning-filled tempest!
Your electrical attacks strike out in all directions at once.
You are incredibly evasive.
Your insubstantial body is immune to petrification, constriction, and being set on fire You are flying.
You are immune to poison.
Your armour is entirely melded.
You are incapable of wielding weapons or throwing items.
(You are completely covered in rugged brown scales. (AC +3, +7% HP))
((Armour fits poorly on your strangely shaped body.))
((You have a long armoured tail.))
You roll when moving toward enemies. (Rampage)
Your long tongue fully drains potion bottles. (2x potion effects)
Your tongue gives you trouble enunciating. (1.5x scroll delay)
((You have sharp fingernails.))
You are very agile. (Dex +8, Str/Int -2)
Your magical capacity is low. (-10% MP)
You frequently scream uncontrollably at your foes.


Message History

The +1 eveningstar of freezing is blasted with magical radiation!
The +1 eveningstar of freezing is heavily damaged.
The +1 eveningstar of freezing hits you!
The +1 eveningstar of freezing freezes you.
You hit the +1 eveningstar of freezing but do no damage.
The +1 eveningstar of freezing is heavily damaged.
The +1 eveningstar of freezing hits you.
The +1 eveningstar of freezing freezes you.
* * * LOW HITPOINT WARNING * * *
You batter the +1 eveningstar of freezing!!
The +1 eveningstar of freezing turns to gold and falls from the air.
You blast the deep elf pyromancer!!!
A deep elf knight comes into view. It is wielding a +0 long sword.
The deep elf pyromancer completely misses you.
You blast the deep elf pyromancer!!!
You kill the deep elf pyromancer!
You feel energetic enough to blinkbolt again.
You see here 8 gold pieces.
You see here 6 gold pieces.
Use which ability? (? or * to list)
Aiming: Blinkbolt
Press: ? - help, Dir - move target, f - deep elf knight
Aim: a deep elf knight, wielding a +0 long sword (85% to hit)
The shock of your passage misses the deep elf knight.
You blink.
A +2 executioner's axe of venom comes into view.
The deep elf knight closely misses you.
You closely miss the deep elf knight.
The +2 executioner's axe of venom is distracted by your dazzling golden aura.
The deep elf knight hits you with a +0 long sword!
* * * LOW HITPOINT WARNING * * *
You blast the deep elf knight!!!
Lightning courses through the deep elf knight!
You kill the deep elf knight!
The +2 executioner's axe of venom is no longer distracted by gold.
As you slowly read the scroll of teleportation, it crumbles to dust.
You feel strangely unstable.
Casting: Irradiate (mildly dangerous; 1% risk of failure)
Confirm with . or Enter, or press ? or * to list all spells.
You erupt in a fountain of uncontrolled magic!
The +2 executioner's axe of venom is blasted with magical radiation.
The +2 executioner's axe of venom is lightly damaged.
You are lightly contaminated with residual magic.
The +2 executioner's axe of venom hits you!!
* * * LOW HITPOINT WARNING * * *
The +2 executioner's axe of venom attacks as you move away!
The +2 executioner's axe of venom hits you!!!
You die...
Xom titters!
Your body crumbles into a pile of gold.

. ##..$###...## ##...## ..
##$..#...#...####...#..
...##.$.#.....#...##...#...
#.....$#.......#......#....
.#....#.........#....#.....
..#..#..$....$...#))#......
...##..$.....$..$.##.......
... #.............##.......
.. ..#...(v......#..#......
....#..$......#....#.....
#......#$..$)..#......#....
.......$#.....#........#...
.........#...#..........#..
.........###........... ##
......... ..........
......... .........
........# #....... ..


You could see a +2 executioner's axe of venom.

Vanquished Creatures
  Mara (Shoals:4)
  Bai Suzhen (Shoals:3)
  Vashnia (Snake:4)
  Rupert (D:15)
  Mlioglotl (Snake:3)
  A sphinx (Shoals:4)
  Polyphemus (Shoals:4)
  Kirke (Lair:3)
  Ilsuiw (Shoals:3)
  5 nagarajas
  A frost giant (D:15)
  Aizul (Snake:3)
  A deep elf elementalist (Elf:1)
  2 very ugly things (IceCv)
  A deep elf annihilator (Elf:2)
  3 minotaurs (Shoals:4)
  3 merfolk impalers
  A green death (Abyss:2)
  2 merfolk javelineers
  4 deep elf death magi (Elf:2)
  A fire dragon (D:15)
  Erolcha (D:10)
  4 vault guards (D:13)
  3 alligator snapping turtles
  3 demonspawn (Orc:2)
  3 catoblepae
  5 hydras
  2 ogre magi (D:15)
  A salamander tyrant (Snake:4)
  An ice dragon (Shoals:3)
  4 merfolk avatars
  14 anacondas
  7 centaur warriors
  23 dancing weapons
  3 boulder beetles
  11 death yaks
  9 two-headed ogres
  16 satyrs
  3 tengu warriors (D:15)
  12 naga warriors
  19 naga sharpshooters
  6 orc high priests (Orc:2)
  Urug (D:13)
  9 shock serpents
  7 thrashing horrors
  22 deep elf knights
  2 skysharks (Shoals:1)
  A salamander mystic (Snake:4)
  A sixfirhy (Orc:2)
  4 skeletal warriors
  A wretched star (Abyss:2)
  9 sea snakes
  6 naga ritualists
  An orange crystal statue (IceCv)
  A flayed ghost (Abyss:2)
  A lindwurm (Lair:4)
  3 deep elf archers (Elf:2)
  2 wizards
  20 deep elf zephyrmancers
  7 mana vipers
  32 harpies
  7 orc knights
  35 deep elf pyromancers
  An oklob plant (Lair:4)
  20 fauns
  12 ugly things
  11 salamanders
  A moth of wrath (Snake:2)
  7 orc sorcerers (Orc:2)
  A worldbinder (Abyss:2)
  15 manticores
  14 cyclopes
  24 black mambas
  10 merfolk sirens
  14 elephants
  Joseph (D:8)
  6 guardian serpents
  A rust devil (Orc:2)
  10 naga magi
  2 gargoyles
  The ghost of Yorgos the Chopper, a novice DsGl of Hepliaklqana (D:5)
  2 smoke demons
  17 cane toads
  A kobold demonologist (D:13)
  A torpor snail (Lair:5)
  An unseen horror (D:11)
  2 freezing wraiths (IceCv)
  2 tengu conjurers (D:13)
  An efreet (Abyss:2)
  13 komodo dragons
  A rime drake (shapeshifter) (D:15)
  2 rime drakes
  A komodo dragon (shapeshifter) (D:15)
  A red devil (Orc:2)
  A yaktaur (D:13)
  5 wind drakes
  4 anaconda simulacra (IceCv)
  A queen bee (D:10)
  An ancient zyme (Lair:5)
  18 merfolk
  9 trolls
  5 large abominations
  A queen bee (shapeshifter) (Lair:5)
  3 hellwings (Abyss:2)
  2 raiju (Abyss:2)
  A hornet (D:8)
  6 polar bears (Lair:2)
  A hornet (shapeshifter) (D:13)
  20 blink frogs
  3 air elementals (Elf:1)
  10 dream sheep
  A shadow (D:9)
  10 snapping turtles
  3 slime creatures (D:12)
  A spriggan (Lair:5)
  3 wyverns
  5 ynoxinuls
  4 fire elementals (Elf:2)
  3 hogs (Lair:3)
  A water elemental (Shoals:3)
  A wraith (D:10)
  9 basilisks
  53 yaks
  A vampire (D:14)
  2 chaos spawn (Lair:5)
  3 steam dragons
  14 small abominations
  A warg (Orc:1)
  A neqoxec (Orc:2)
  4 vampire mosquitoes
  3 acid dragons
  A two-headed ogre zombie (D:9)
  30 nagas
  6 water moccasins
  42 orc warriors
  3 alligator simulacra (IceCv)
  An ettin simulacrum (IceCv)
  9 black bears
  5 ice beasts
  4 wolves (Lair:5)
  7 ogres
  15 centaurs
  A phantom (D:9)
  5 kobold brigands
  11 bullfrogs
  3 earth elementals
  2 scorpions
  4 gnoll sergeants
  11 wights
  3 troll zombies (D:9)
  26 killer bees
  4 howler monkeys
  3 jellies (D:5)
  A quasit (Abyss:2)
  3 hounds
  3 gnoll boudas
  20 orc priests
  A centaur skeleton (D:5)
  2 sleepcaps (D:7)
  4 iguanas
  17 orc wizards
  22 hell rats
  4 ogre zombies (D:9)
  A howler monkey zombie (D:5)
  A howler monkey skeleton (D:5)
  25 gnolls
  3 adders
  A shadow imp (D:5)
  A white imp (Abyss:2)
  An ufetubus (D:6)
  4 worms
  83 orcs
  5 bats
  5 endoplasms
  A giant cockroach (D:4)
  9 goblins
  6 hobgoblins
  10 jackals
  3 quokkas
  3 ball pythons
  A frilled lizard (D:2)
  4 goblin skeletons (D:9)
  2 goblin zombies (D:9)
  2 hobgoblin zombies (D:9)
  8 kobolds
  2 orc skeletons (D:9)
  15 orc zombies (D:9)
  7 rats
  A butterfly (Lair:5)
1243 creatures vanquished.

Vanquished Creatures (collateral kills)
  A skeletal warrior (D:12)
  Maggie (D:8)
2 creatures vanquished.

Vanquished Creatures (others)
  A deep elf knight (Elf:2)
1 creature vanquished.

Grand Total: 1246 creatures vanquished

Notes
Turn   | Place    | Note
-------+----------+-------------------------------------------
     0 | D:1      | Ge0ff the Armataur Chaos Knight began the quest for the
                  | Orb.
     0 | D:1      | Reached XP level 1. HP: 19/19 MP: 1/1
     0 | D:1      | Fell from the grace of Xom
    70 | D:1      | XOM: give mutations
    70 | D:1      | Gained mutation: You sometimes lose your temper in combat.
                  | [Xom's mischief]
    70 | D:1      | Gained mutation: You occasionally shout uncontrollably at
                  | your foes. [Xom's mischief]
    70 | D:1      | Lost mutation: You sometimes lose your temper in combat.
                  | [Xom's mischief]
    70 | D:1      | Lost mutation: You occasionally shout uncontrollably at
                  | your foes. [Xom's mischief]
   496 | D:1      | Reached skill level 1 in Stealth
   499 | D:1      | Reached XP level 2. HP: 25/26 MP: 2/2
  1756 | D:2      | Reached XP level 3. HP: 30/32 MP: 3/3
  2172 | D:2      | Found Timikh Uwkef's Antique Armour Shoppe.
  2553 | D:2      | Identified the +2 pair of gloves of Fanaticism {Dex+3}
  2721 | D:2      | XOM: draining
  2996 | D:3      | Reached XP level 4. HP: 35/35 MP: 4/4
  3648 | D:2      | Reached skill level 1 in Evocations
  3701 | D:3      | Identified the +2 robe "Suluf" {Str+2 SInv}
  3721 | D:3      | Reached XP level 5. HP: 48/48 MP: 5/5
  3762 | D:3      | Found a shadowy altar of Dithmenos.
  4172 | D:3      | XOM: summons 1 hostile demon
  4173 | D:3      | Noticed a hellwing
  4358 | D:3      | Reached skill level 5 in Unarmed Combat
  4470 | D:3      | XOM: stat loss: -3 Int (9/12)
  4706 | D:3      | XOM: stat loss: -2 Dex (10/12)
  4723 | D:4      | Found a bloodstained altar of Trog.
  4829 | D:4      | Found a snail-covered altar of Cheibriados.
  5051 | D:4      | XOM: stat loss: -3 Str (19/22)
  5141 | D:4      | Reached skill level 1 in Dodging
  5148 | D:4      | Reached XP level 6. HP: 45/54 MP: 6/6
  5204 | D:4      | XOM: give mutations
  5204 | D:4      | Gained mutation: Your muscles are strong. (Str +4, Int/Dex
                  | -1) [Xom's mischief]
  5204 | D:4      | Gained mutation: You have sharp toenails. [Xom's mischief]
  5204 | D:4      | Gained mutation: You are partially covered in iridescent
                  | scales. (AC +2) [Xom's mischief]
  5204 | D:4      | Lost mutation: You have sharp toenails. [Xom's mischief]
  5220 | D:4      | Found an opulent altar of Gozag.
  5226 | D:4      | Became a worshipper of Gozag Ym Sagoz the Greedy
  5267 | D:4      | Found a white marble altar of Elyvilon.
  5385 | D:4      | Found a radiant altar of Vehumet.
  5470 | D:4      | XOM: summons 4 hostile demons
  5665 | D:5      | Entered Level 5 of the Dungeon
  5665 | D:5      | Found a staircase to the Ecumenical Temple.
  5678 | D:5      | Reached skill level 1 in Throwing
  5678 | D:5      | Reached skill level 1 in Shields
  5731 | Temple   | Entered the Ecumenical Temple
  5952 | D:5      | Found a runed translucent gate.
  5952 | D:5      | Found a runed translucent gate.
  5953 | D:5      | Found a runed translucent gate.
  5956 | D:5      | Noticed Yorgos's ghost (novice DsGl)
  5992 | D:5      | Found an ancient bone altar of Kikubaaqudgha.
  5994 | D:5      | Found a burning altar of Makhleb.
  5997 | D:5      | Found a hide-covered altar of Uskayaw.
  6162 | D:5      | Noticed an ice beast
  6184 | D:5      | Killed an ice beast
  6185 | D:5      | Reached XP level 7. HP: 47/60 MP: 7/7
  6579 | D:5      | XOM: scenery: create altars
  7115 | D:5      | XOM: noise
  7182 | D:5      | XOM: summons 2 hostile demons
  7399 | D:6      | Learned a level 5 spell: Blade Hands
  7497 | D:6      | Reached skill level 1 in Transmutations
  7497 | D:6      | Reached XP level 8. HP: 70/70 MP: 8/8
  7974 | D:6      | Reached skill level 1 in Spellcasting
  8025 | D:6      | Reached skill level 2 in Transmutations
  8050 | D:6      | XOM: draining
  8937 | D:6      | Reached skill level 3 in Transmutations
 10005 | D:7      | XOM: summons 14 hostile demons
 10006 | D:7      | Noticed an ice devil
 10006 | D:7      | Noticed a sixfirhy
 10006 | D:7      | Noticed an orange demon
 10467 | D:7      | Found a stormy altar of Qazlal.
 10558 | D:7      | Found a shimmering blue altar of Sif Muna.
 10655 | D:7      | Reached XP level 9. HP: 55/78 MP: 12/12
 10775 | D:7      | Found a broken altar of Ashenzari.
 11018 | D:7      | XOM: repel stairs
 11100 | D:9      | Reached skill level 4 in Transmutations
 11313 | D:8      | Noticed Maggie
 11319 | D:8      | Killed Maggie
 11320 | D:8      | Reached skill level 5 in Fighting
 11609 | D:8      | Reached skill level 5 in Transmutations
 11705 | D:8      | Noticed Joseph
 11720 | D:8      | Killed Joseph
 11938 | D:8      | Found a basalt altar of Yredelemnul.
 12336 | D:8      | Found a shimmering altar of Xom.
 12337 | D:8      | Found a hazy altar of Hepliaklqana.
 12338 | D:8      | Noticed a spectral ugly thing
 12449 | D:9      | Found an ornate altar of the Wu Jian Council.
 12599 | D:9      | XOM: 4-stop teleportation journey
 12640 | D:8      | XOM: noise
 12802 | D:9      | XOM: torment (41/79 hp)
 12814 | D:9      | Reached XP level 10. HP: 35/86 MP: 15/15
 13051 | D:9      | XOM: blink monster(s)
 13283 | D:9      | Reached skill level 6 in Transmutations
 13367 | D:9      | Found a staircase to the Orcish Mines.
 13476 | D:9      | XOM: summons 14 hostile demons
 13476 | D:9      | Was forgiven by Xom
 13477 | D:9      | Noticed a sixfirhy
 13477 | D:9      | Noticed a rust devil
 13888 | D:9      | Found a blossoming altar of Fedhas.
 14354 | D:9      | Found an iron altar of Okawaru.
 14903 | D:9      | Found an ornate altar of the Wu Jian Council.
 14926 | D:9      | Found a staircase to the Orcish Mines.
 15010 | D:9      | Found an iron altar of Okawaru.
 15080 | D:9      | Found a blossoming altar of Fedhas.
 15350 | D:10     | Entered Level 10 of the Dungeon
 15354 | D:10     | Found a sparkling altar of Nemelex Xobeh.
 15383 | D:10     | Noticed Erolcha
 15394 | D:10     | Killed Erolcha
 15395 | D:10     | Reached skill level 7 in Transmutations
 15610 | D:10     | Noticed a boulder beetle
 15611 | D:10     | Noticed an orc knight
 15803 | D:10     | Found a glowing golden altar of the Shining One.
 15847 | D:10     | Found a glowing silver altar of Zin.
 15920 | D:10     | Found a staircase to the Lair.
 15920 | D:10     | Found a sacrificial altar of Ru.
 15985 | D:10     | Reached skill level 8 in Transmutations
 15989 | D:10     | Reached skill level 5 in Spellcasting
 15996 | D:10     | Reached XP level 11. HP: 84/92 MP: 16/18
 16127 | D:10     | Learned a level 1 spell: Apportation
 16132 | D:10     | Learned a level 4 spell: Iskenderun's Mystic Blast
 16603 | D:10     | Reached skill level 10 in Unarmed Combat
 17221 | D:10     | Found a glowing golden altar of the Shining One.
 17262 | D:10     | Found a glowing silver altar of Zin.
 17351 | D:10     | Found a sacrificial altar of Ru.
 17354 | D:10     | Found a staircase to the Lair.
 17740 | D:5      | Killed Yorgos's ghost
 17741 | D:5      | Reached skill level 9 in Transmutations
 18622 | D:11     | Noticed a boulder beetle
 18625 | D:11     | Noticed a deep elf zephyrmancer
 18625 | D:11     | Noticed a deep elf pyromancer
 18625 | D:11     | Noticed a deep elf zephyrmancer
 18625 | D:11     | Noticed a deep elf pyromancer
 18625 | D:11     | Noticed a deep elf pyromancer
 18625 | D:11     | Noticed a red ugly thing
 18625 | D:11     | Noticed a deep elf pyromancer
 18625 | D:11     | Noticed a deep elf zephyrmancer
 18629 | D:11     | Noticed a deep elf pyromancer
 18634 | D:11     | Killed a boulder beetle
 18635 | D:11     | Reached skill level 1 in Conjurations
 18635 | D:11     | Reached skill level 1 in Translocations
 18930 | D:11     | Killed a deep elf zephyrmancer
 19937 | D:11     | Killed a deep elf zephyrmancer
 19993 | D:11     | Killed a deep elf pyromancer
 20020 | D:11     | Killed a deep elf pyromancer
 20021 | D:11     | Reached skill level 10 in Transmutations
 20163 | D:11     | Noticed a deep elf pyromancer
 20177 | D:11     | Killed a deep elf pyromancer
 20178 | D:11     | Reached XP level 12. HP: 99/100 MP: 15/21
 21218 | D:11     | Learned a level 7 spell: Dragon Form
 21276 | Lair:1   | Entered Level 1 of the Lair of Beasts
 21276 | Lair:1   | Noticed a catoblepas
 21287 | D:10     | Killed a catoblepas
 21288 | D:10     | Reached skill level 5 in Shields
 21401 | Lair:1   | Reached skill level 1 in Invocations
 21558 | Lair:1   | Reached skill level 5 in Evocations
 22472 | Lair:1   | Learned a level 5 spell: Irradiate
 22476 | Lair:1   | Identified the +0 robe of the Hall of Blades {+Blink rC-
                  | Dex+3}
 22740 | Lair:1   | Reached XP level 13. HP: 99/109 MP: 9/23
 23477 | Lair:2   | Reached skill level 5 in Conjurations
 23948 | Lair:2   | Found a staircase to the Snake Pit.
 25161 | Lair:3   | Noticed Kirke
 25556 | Lair:3   | Reached skill level 11 in Transmutations
 25712 | Lair:3   | Found a staircase to the Shoals.
 25745 | Lair:3   | Noticed a sphinx
 26227 | Lair:3   | Killed Kirke
 27032 | Lair:3   | Found a staircase to the Shoals.
 27410 | Lair:4   | You fall into a shaft and drop 1 floor!
 27410 | Lair:5   | Entered Level 5 of the Lair of Beasts
 27536 | Lair:5   | Reached XP level 14. HP: 95/118 MP: 14/24
 28874 | Lair:4   | Found a viscous altar of Jiyva.
 28874 | Lair:4   | Found a staircase to the Slime Pits.
 29345 | Lair:5   | Reached skill level 5 in Throwing
 29527 | Lair:5   | Identified the +2 ring mail of Inquiry {rN+}
 30164 | Lair:5   | Reached skill level 5 in Translocations
 31084 | Lair:5   | Found a corrupted altar of Lugonu.
 31084 | Lair:5   | Found a one-way gate to the infinite horrors of the Abyss.
 31968 | Lair:5   | Found a corrupted altar of Lugonu.
 31968 | Lair:5   | Found a one-way gate to the infinite horrors of the Abyss.
 32212 | Orc:1    | Entered Level 1 of the Orcish Mines
 32428 | Orc:1    | Found Ununug's Antique Armour Shoppe.
 32439 | Orc:1    | Bought an ancient ring mail for 198 gold pieces
 32439 | Orc:1    | Identified the +4 ring mail of the Stone Wall {Harm Drain
                  | rC++ Str+2} (You bought it in a shop on level 1 of the
                  | Orcish Mines)
 32567 | Orc:2    | Entered Level 2 of the Orcish Mines
 32628 | Orc:2    | Reached skill level 12 in Transmutations
 32760 | Orc:2    | Found Ujaranuu's General Store.
 33167 | Orc:2    | Found Xune's Distillery.
 33200 | Orc:2    | Bought a potion of haste for 120 gold pieces
 33200 | Orc:2    | Bought 2 potions of heal wounds for 120 gold pieces
 33200 | Orc:2    | Bought a potion of heal wounds for 60 gold pieces
 33200 | Orc:2    | Bought a potion of curing for 36 gold pieces
 33200 | Orc:2    | Bought a potion of might for 48 gold pieces
 33200 | Orc:2    | Bought 2 potions of might for 96 gold pieces
 33200 | Orc:2    | Bought a potion of heal wounds for 60 gold pieces
 33200 | Orc:2    | Bought a potion of magic for 96 gold pieces
 33504 | Orc:2    | Bought a condenser vane for 560 gold pieces
 33504 | Orc:2    | Bought 2 potions of mutation for 224 gold pieces
 33504 | Orc:2    | Bought a potion of curing for 42 gold pieces
 33504 | Orc:2    | Bought a scroll of poison for 56 gold pieces
 33504 | Orc:2    | Bought a scroll of revelation for 105 gold pieces
 33504 | Orc:2    | Bought a scroll of identify for 28 gold pieces
 33504 | Orc:2    | Bought a scroll of identify for 28 gold pieces
 33631 | Orc:2    | Found Pifoh's General Store.
 33646 | Orc:2    | Found Wauhoex's Magic Scroll Emporium.
 33829 | Orc:2    | Bought a scroll of fog for 64 gold pieces
 33829 | Orc:2    | Bought a scroll of enchant armour for 120 gold pieces
 33829 | Orc:2    | Bought a scroll of fear for 64 gold pieces
 33829 | Orc:2    | Bought a scroll of immolation for 64 gold pieces
 33829 | Orc:2    | Bought a scroll of teleportation for 48 gold pieces
 34143 | Orc:2    | Found Tisoubb's General Store.
 34147 | Orc:2    | Bought a phial of floods for 640 gold pieces
 34147 | Orc:2    | Bought a potion of invisibility for 128 gold pieces
 34147 | Orc:2    | Bought a throwing net for 48 gold pieces
 34147 | Orc:2    | Bought a wand of flame (7) for 78 gold pieces
 34147 | Orc:2    | Bought a scroll of immolation for 64 gold pieces
 34147 | Orc:2    | Bought a scroll of teleportation for 48 gold pieces
 34457 | Orc:2    | Found a staircase to the Elven Halls.
 34561 | Orc:2    | Found Osmy's General Store.
 34573 | Orc:2    | Found Haevotop's Distillery.
 34586 | Orc:2    | Reached XP level 15. HP: 62/129 MP: 26/26
 35048 | Orc:2    | Bought a sack of spiders for 560 gold pieces
 35048 | Orc:2    | Bought a scroll of blinking for 105 gold pieces
 35048 | Orc:2    | Bought a potion of curing for 42 gold pieces
 35048 | Orc:2    | Bought a scroll of fear for 56 gold pieces
 35048 | Orc:2    | Bought a scroll of teleportation for 42 gold pieces
 35055 | Orc:2    | Bought a potion of brilliance for 64 gold pieces
 35055 | Orc:2    | Bought a potion of curing for 48 gold pieces
 35055 | Orc:2    | Bought a potion of curing for 48 gold pieces
 35055 | Orc:2    | Bought a potion of might for 64 gold pieces
 35055 | Orc:2    | Bought a potion of curing for 48 gold pieces
 35239 | Orc:2    | Found Isady's Antique Armour Boutique.
 35239 | Orc:2    | Found Qileipsog's Book Shop.
 35240 | Orc:2    | Found a one-way gate leading to the halls of Pandemonium.
 35242 | Orc:2    | Bought a wizard robe for 205 gold pieces
 35242 | Orc:2    | Identified the +1 robe of the Apothecary {Str+3} (You
                  | bought it in a shop on level 2 of the Orcish Mines)
 35244 | Orc:2    | Bought a book of the Sky for 476 gold pieces
 35639 | Orc:2    | Learned a level 7 spell: Storm Form
 37142 | D:13     | Paralysed by a hornet for 1 turns
 37332 | D:13     | Noticed Urug
 37353 | D:13     | Killed Urug
 37713 | D:13     | Reached skill level 5 in Dodging
 38251 | D:13     | Identified a scroll of acquirement
 38254 | D:13     | Acquired 910 gold pieces
 38286 | D:13     | Found a gate to the Vaults.
 38936 | D:14     | Found Rantub's Weapon Shoppe.
 39206 | D:14     | Found the +5 Storm Queen's Shield {shock, Fly rElec}
 39500 | D:14     | Reached skill level 13 in Transmutations
 39884 | D:15     | Entered Level 15 of the Dungeon
 40235 | D:15     | Found a sacrificial altar of Ru.
 40263 | Abyss:2  | Cast into level 2 of the Abyss (a wizard)
 40773 | Abyss:2  | Gained mutation: You occasionally shout uncontrollably at
                  | your foes. [mutagenic glow]
 40775 | D:15     | Escaped the Abyss
 41028 | D:15     | Found Hoin's Book Boutique.
 41089 | D:15     | Noticed Rupert
 41210 | D:15     | Killed Rupert
 41211 | D:15     | Reached XP level 16. HP: 126/138 MP: 28/28
 41966 | D:15     | Reached skill level 10 in Conjurations
 42198 | D:15     | Found a staircase to the Depths.
 42844 | Snake:1  | Entered Level 1 of the Snake Pit
 43638 | Snake:1  | Identified the +3 spear of Irrepressible Laughter {heavy,
                  | rCorr Str+3 Int+5}
 43992 | Snake:2  | Found a sparkling altar of Nemelex Xobeh.
 44029 | Snake:2  | Reached skill level 14 in Transmutations
 44633 | Snake:2  | Identified the +0 robe of Sif Muna {+Blink Int+5}
 45485 | Snake:2  | Found a sparkling altar of Nemelex Xobeh.
 46214 | Snake:3  | Reached skill level 10 in Spellcasting
 46220 | Snake:3  | Reached skill level 1 in Air Magic
 46424 | Snake:3  | Reached skill level 15 in Transmutations
 46823 | Snake:3  | Noticed Mlioglotl
 46825 | Snake:3  | Noticed Aizul
 46828 | Snake:3  | Killed Mlioglotl
 46839 | Snake:3  | Killed Aizul
 46846 | Snake:3  | Reached XP level 17. HP: 147/147 MP: 25/31
 47626 | Snake:3  | Found Cuniosk's Antique Weapon Emporium.
 48012 | Snake:3  | Found Cuniosk's Antique Weapon Emporium.
 48519 | Snake:4  | Entered Level 4 of the Snake Pit
 49122 | Snake:4  | Reached skill level 5 in Air Magic
 49503 | Snake:4  | Found Liqaishra's Book Shop.
 49505 | Snake:4  | Found Diditur's Jewellery Shoppe.
 49506 | Snake:4  | Found Ejitaeg's Book Shop.
 49569 | Snake:4  | Bought the ring of Suspicion {Wiz Int+3} for 692 gold
                  | pieces
 50958 | Snake:4  | Noticed Vashnia
 50972 | Snake:4  | Killed Vashnia
 51244 | Snake:4  | Got a serpentine rune of Zot
 51733 | Snake:4  | Found Liqaishra's Book Shop.
 51734 | Snake:4  | Found Diditur's Jewellery Shoppe.
 51735 | Snake:4  | Found Ejitaeg's Book Shop.
 52511 | Shoals:1 | Entered Level 1 of the Shoals
 52652 | Shoals:1 | Found Qomaox's Gadget Gallery.
 52912 | Shoals:1 | Found Argus's Dragon-Slaying Spoils.
 53072 | Shoals:1 | You are sucked into a shaft and drop 1 floor!
 53237 | Shoals:1 | Reached skill level 10 in Air Magic
 55100 | Shoals:2 | Reached XP level 18. HP: 139/155 MP: 20/32
 55599 | Shoals:3 | Noticed Ilsuiw
 55608 | Shoals:3 | Noticed Bai Suzhen
 55620 | Shoals:3 | Killed Ilsuiw
 55621 | Shoals:3 | Killed Bai Suzhen
 55635 | Shoals:3 | Found Xiettuph's Antique Armour Shop.
 55670 | Shoals:3 | Gained mutation: You are vulnerable to heat. (rF-)
                  | [mutagenic glow]
 55698 | Shoals:3 | Gained mutation: Your body sometimes deteriorates upon
                  | taking damage. [mutagenic glow]
 55711 | Shoals:3 | Found a frozen archway.
 55724 | Shoals:3 | Lost mutation: You are partially covered in iridescent
                  | scales. (AC +2) [potion of mutation]
 55724 | Shoals:3 | Lost mutation: You are vulnerable to heat. (rF-) [potion of
                  | mutation]
 55724 | Shoals:3 | Lost mutation: Your body sometimes deteriorates upon taking
                  | damage. [potion of mutation]
 55724 | Shoals:3 | Lost mutation: You occasionally shout uncontrollably at
                  | your foes. [potion of mutation]
 55724 | Shoals:3 | Lost mutation: Your muscles are strong. (Str +4, Int/Dex
                  | -1) [potion of mutation]
 55724 | Shoals:3 | Gained mutation: You have hidden genetic defects. [potion
                  | of mutation]
 55724 | Shoals:3 | Gained mutation: You occasionally shout uncontrollably at
                  | your foes. [potion of mutation]
 55724 | Shoals:3 | Gained mutation: You are agile. (Dex +4, Str/Int -1)
                  | [potion of mutation]
 55724 | Shoals:3 | Gained mutation: You sometimes lose your temper in combat.
                  | [potion of mutation]
 55724 | Shoals:3 | Gained mutation: You have large cloven feet. [potion of
                  | mutation]
 55725 | Shoals:3 | Lost mutation: You have large cloven feet. [potion of
                  | mutation]
 55725 | Shoals:3 | Lost mutation: You have hidden genetic defects. [potion of
                  | mutation]
 55725 | Shoals:3 | Lost mutation: You are agile. (Dex +4, Str/Int -1) [potion
                  | of mutation]
 55725 | Shoals:3 | Lost mutation: You sometimes lose your temper in combat.
                  | [potion of mutation]
 55725 | Shoals:3 | Gained mutation: You have sharp fingernails. [potion of
                  | mutation]
 55725 | Shoals:3 | Gained mutation: Your magical capacity is low. (-10% MP)
                  | [potion of mutation]
 55725 | Shoals:3 | Gained mutation: Your flesh is heat resistant. (rF+)
                  | [potion of mutation]
 55725 | Shoals:3 | Gained mutation: You are agile. (Dex +4, Str/Int -1)
                  | [potion of mutation]
 55725 | Shoals:3 | Gained mutation: You frequently scream uncontrollably at
                  | your foes. [potion of mutation]
 55725 | Shoals:3 | Lost mutation: Your flesh is heat resistant. (rF+) [potion
                  | of mutation]
 55725 | Shoals:3 | Gained mutation: You are very agile. (Dex +8, Str/Int -2)
                  | [potion of mutation]
 55809 | IceCv    | Entered an ice cave
 55824 | IceCv    | Found a transporter.
 55951 | IceCv    | Found a transporter.
 56648 | Shoals:3 | Learned a level 5 spell: Yara's Violent Unravelling
 58307 | Shoals:4 | Entered Level 4 of the Shoals
 58347 | Shoals:4 | Reached skill level 1 in Hexes
 59404 | Shoals:4 | Identified the +10 long sword "Toxzypt" {venom, Fly Str+3
                  | Dex+3 Stlth+}
 59554 | Shoals:4 | Reached skill level 10 in Fighting
 60460 | Shoals:4 | Identified the +9 glaive of Prudence {flame, Dex+2}
 60460 | Shoals:4 | Noticed Mara
 60502 | Shoals:4 | Killed Mara
 60819 | Shoals:4 | Reached XP level 19. HP: 152/164 MP: 24/29
 60823 | Shoals:4 | Got a barnacled rune of Zot
 61141 | Shoals:4 | Noticed Polyphemus
 61147 | Shoals:4 | Killed Polyphemus
 62071 | Orc:2    | Bought a book of Lightning for 476 gold pieces
 62075 | Orc:2    | Learned a level 3 spell: Vhi's Electric Charge
 62115 | Elf:1    | Entered Level 1 of the Elven Halls
 62221 | Elf:1    | Found a transporter.
 62222 | Elf:1    | Paralysed by an air elemental for 1 turns
 62224 | Elf:1    | Paralysed by an air elemental for 1 turns
 62273 | Elf:1    | Found a transporter.
 62289 | Elf:1    | Found an ancient bone altar of Kikubaaqudgha.
 62303 | Elf:1    | Found a transporter.
 62303 | Elf:1    | Found a transporter.
 62307 | Elf:1    | Found a transporter.
 62307 | Elf:1    | Found a transporter.
 62913 | Elf:1    | Identified the staff of Greed {rN+ Dex+3 Necro}
 63474 | Elf:2    | Reached skill level 16 in Transmutations
 64205 | Elf:2    | Found a runed translucent gate.
 64205 | Elf:2    | Found a runed translucent gate.
 64210 | Elf:2    | Found a runed translucent gate.
 65032 | Elf:2    | Demolished by a +2 executioner's axe of venom

Illustrated notes

Levels and vault maps discovered:
D:1:      onia_arrival_mini_spirals, layout_rooms, minmay_tromino_v4_a
D:2:      layout_basic, serial_shops, shop, minmay_misc_feat_rugged
D:3:      layout_loops_ring, mainiacjoe_overflow_paths
D:4:      layout_loops_ring, bloody_trog, lemuel_doored_altar, vehumet_crystals,
          mainiacjoe_overflow_brackets, mainiacjoe_overflow_tiny_flanked,
          serial_rivers, chequers_serial_rivers_micro_b,
          chequers_serial_rivers_marsh, chequers_serial_rivers_micro_c,
          chequers_serial_rivers_small_b, minmay_crystal_water
D:5:      layout_rooms, chequers_temple_overflow_statue_of_worship,
          minmay_temple_entry_glass, gammafunk_ghost_necromancy,
          serial_bayou_lagoon_a, dk_noncrumbling_2, chequers_big_river,
          minmay_checkerbox
D:6:      layout_layer_cave, roderic_lattice_a
D:7:      layout_layer_cave, ashenzari_conservatory_becter,
          nicolae_sif_muna_condensation, marbit_many_paths,
          hangedman_decor_growths
D:8:      layout_gridville, regret_index_temple_of_mockery, lemuel_tele_altar,
          uniq_maggie, uniq_joseph
D:9:      layout_irregular_city, kennysheep_mini_moat,
          nicolae_wu_jian_wuxing_cycle, fedhas_ov_isle_minmay,
          zombieorc2_lemuel, statue_in_the_mist_lemuel,
          kennysheep_generic_room_13
D:10:     layout_roguey [special_room_bee], tso_oasis_becter,
          nicolae_overflow_crystal_walls, mainiacjoe_overflow_cross_hatched,
          overflow_temple_1_default, lair_entry_dummy, lightli_corner_chamber,
          uniq_erolcha
D:11:     layout_roguey [special_room_orc], hangedman_decor_opposing,
          elves_outpost_lemuel
D:12:     layout_stronghold, small_chamber_with_monster
D:13:     layout_irregular_city, grunt_vaults_entry_fortified,
          wad_woods_river_04, uniq_urug
D:14:     layout_rooms, serial_co_window_serial, co_window_corner_a,
          co_window_cross_1, co_window_paths_b, co_window_paths_b,
          co_window_paths_b, co_window_paths_b, co_window_corner_a,
          co_window_broadway_b, co_window_corner_cb, co_window_broadway_b,
          co_window_corner_ca, co_window_2corner, glass_columns_c,
          glass_columns_c, glass_columns_a, glass_columns_b, glass_columns_c,
          serial_shops, nicolae_shop_tiny_real_fake_doors
D:15:     grunt_enter_depths_snipers, layout_loops_ring,
          nicolae_ru_path_of_blood, serial_shops, nicolae_shop_hallway_plus,
          uniq_rupert
Temple:   nicolae_temple_total_abyssal_victory
Lair:1:   layout_long_grid
Lair:2:   beast_lair_carwin_large_3, layout_regular_city,
          minmay_snake_entry_guardpost_small, st_stairs_6, minmay_holes,
          lemuel_fruit_tree, serial_bayou_shore_b
Lair:3:   layout_chaotic_city, shoals_dummy_entry, uniq_kirke
Lair:4:   layout_loops_ring, dpeg_slime_entry_enclosed
Lair:5:   hellmonk_lair_end_abyssal_woods, layout_gridlike, grunt_megastairs_4,
          lemuel_fruit_fields, infiniplex_staircase_pool_2
Shoals:1: layout_shoals, nicolae_shop_dragon_depot, nicolae_shop_gadgets
Shoals:2: layout_shoals
Shoals:3: layout_shoals, serial_shops, shop, portal_ice_cave_entry_dragon,
          st_cyclops, uniq_bai_suzhen, uniq_ilsuiw
Shoals:4: shoals_end_hellmonk_lost_city, serial_shops, uniq_mara,
          uniq_polyphemus
Snake:1:  layout_cave_shapes, nicolae_snake_round_shape_thing,
          grunt_ministairs_12
Snake:2:  layout_misc_corridors, basic_altar
Snake:3:  layout_basic, serial_bayou_pond_d, nicolae_stop_n_shop_1,
          grunt_megastairs_1, uniq_mlioglotl, uniq_aizul
Snake:4:  grunt_snake_rune_serpentine_throne, layout_layer_cave,
          nrook_loot_triangle, grunt_megastairs_5, minmay_shop_grove
Orc:1:    layout_caves, serial_shops, nicolae_shop_hallway_plus
Orc:2:    pf_orc_diabolical, layout_caves, serial_shops, shop_fountains,
          nicolae_shop_behind_doors, nicolae_shop_back_alley_shop, shop,
          nicolae_shop_gibbet_a_chance
Elf:1:    eino_elf_arrival_sip, layout_rooms, basic_altar,
          hangedman_elven_crosses_minicolossus, serial_nicolae_subway,
          nicolae_sub_station_stone, nicolae_sub_station_crystal,
          nicolae_sub_station_metal
Elf:2:    nicolae_elf_blades_splatter_lattice
          [nicolae_vaults_blade_armed_guards], layout_geoelf_diagonals

Skill      XL: |  1  2  3  4  5  6  7  8  9 10 11 12 13 14 15 16 17 18 19 |
---------------+----------------------------------------------------------+-----
Unarmed Combat | 3 4 5 6 7 8 9 10 11 12 13 | 13.0
Stealth        | 1 2 |  2.0
Fighting       | 3 4 5 6 7 8 9 10 | 10.6
Evocations     | 1 2 3 4 5 6 7 8 |  8.5
Dodging        | 1 2 3 4 5 6 |  6.1
Throwing       | 1 2 3 4 5 6 |  6.0
Armour         | 3 4 |  4.0
Shields        | 2 3 4 5 6 7 |  7.0
Transmutations | 1 3 5 8 10 11 12 13 15 16 | 16.1
Spellcasting   | 2 3 5 6 7 8 10 | 10.6
Conjurations   | 1 4 8 9 10 | 10.8
Translocations | 1 3 4 5 7 8 9 |  9.2
Invocations    | 2 |  2.3
Air Magic      | 3 11 12 | 12.6
Hexes          | 2 3 |  3.9

Action                     |  1- 3 |  4- 6 |  7- 9 | 10-12 | 13-15 | 16-18 | 19-21 || total
---------------------------+-------+-------+-------+-------+-------+-------+-------++-------
  Melee: Unarmed           |   166 |   228 |   318 |   569 |   820 |   659 |   186 ||  2946
         Tailslap          |    13 |    27 |    55 |    82 |   140 |    47 |     1 ||   365
         Punch             |     4 |     3 |       |    20 |    33 |    51 |    14 ||   125
         Bite              |       |       |       |       |       |    22 |       ||    22
         Staff             |       |       |       |       |       |     2 |     3 ||     5
  Throw: Stone             |     9 |    12 |    41 |       |       |       |       ||    62
         Dart              |       |    10 |    31 |    29 |    31 |     1 |       ||   102
         Boomerang         |       |       |       |       |   173 |    82 |       ||   255
         Javelin           |       |       |       |       |     3 |       |       ||     3
   Cast: Blade Hands       |       |       |       |    48 |    75 |     1 |       ||   124
         Irradiate         |       |       |       |       |    88 |    94 |    19 ||   201
         Iskenderun's Myst |       |       |       |       |     4 |     2 |       ||     6
         Dragon Form       |       |       |       |       |       |    25 |       ||    25
         Storm Form        |       |       |       |       |       |    55 |    21 ||    76
         Vhi's Electric Ch |       |       |       |       |       |       |    40 ||    40
 Invoke: Renounce Religion |     1 |       |       |       |       |       |       ||     1
         Potion Petition   |       |       |       |       |     6 |     8 |       ||    14
Ability: End Transformatio |       |       |       |       |     1 |     1 |       ||     2
         Breathe Fire      |       |       |       |       |       |     3 |       ||     3
         Blinkbolt         |       |       |       |       |       |    50 |    15 ||    65
  Evoke: Piece from Xom's  |       |     2 |     4 |       |     4 |       |       ||    10
         Wand              |       |       |     1 |    11 |    36 |    13 |       ||    61
         Condenser vane    |       |       |       |       |     3 |     2 |       ||     5
         Phial of floods   |       |       |       |       |     2 |     1 |       ||     3
         Phantom mirror    |       |       |       |       |     1 |     1 |       ||     2
    Use: Scroll            |       |     7 |     4 |    15 |    17 |     4 |     3 ||    50
         Potion            |       |     3 |     1 |     7 |    15 |    16 |       ||    42
   Stab: Sleeping          |     2 |     2 |     2 |       |     3 |     1 |       ||    10
         Petrified         |       |     5 |       |       |       |       |       ||     5
         Paralysed         |       |       |     7 |       |     3 |       |       ||    10
         Distracted        |       |       |       |     2 |     2 |     2 |     1 ||     7
         Invisible         |       |       |       |       |     1 |     8 |       ||     9
         Petrifying        |       |       |       |       |       |       |     2 ||     2
 Armour: Leather armour    |    76 |    12 |       |       |       |       |       ||    88
         Robe              |       |   110 |    95 |   143 |   206 |    45 |     2 ||   601
         Skin              |       |    10 |       |    22 |     6 |   134 |    27 ||   199
  Dodge: Dodged            |    70 |   106 |    77 |   154 |   275 |   383 |    87 ||  1152
  Block: Buckler           |       |    18 |   112 |   127 |   207 |    62 |     3 ||   529
         Reflection        |       |       |     4 |     4 |    29 |    32 |     3 ||    72
         Other             |       |       |       |    49 |    68 |   113 |    26 ||   256

Table legend: (Time is in decaauts)
 A = Elapsed time spent in this place.
 B = Non-inter-level travel time spent in this place.
 C = Inter-level travel time spent in this place.
 D = Time resting spent in this place.
 E = Time spent auto-exploring this place.
 F = Levels seen in this place.
 G = Mean time per level.
                   A        B        C        D        E       F      G
               +--------+--------+--------+--------+--------+-----+--------+
         Total |  64564 |  61573 |   2991 |  10857 |  39955 |  35 | 1844.7 |
       Dungeon |  27881 |  26316 |   1565 |   7054 |  14748 |  15 | 1858.7 |
        Temple |    110 |     99 |     11 |      0 |     94 |   1 |  110.0 |
          Lair |  10926 |  10383 |    543 |    808 |   7784 |   5 | 2185.2 |
        Shoals |   8770 |   8504 |    266 |    850 |   6103 |   4 | 2192.5 |
     Snake Pit |   9581 |   9273 |    308 |    884 |   7033 |   4 | 2395.2 |
  Orcish Mines |   3558 |   3317 |    241 |    941 |   1774 |   2 | 1779.0 |
   Elven Halls |   2888 |   2833 |     55 |    203 |   2129 |   2 | 1444.0 |
         Abyss |    488 |    488 |      0 |    114 |      0 |   1 |  488.0 |
      Ice Cave |    359 |    359 |      0 |      0 |    290 |   1 |  359.0 |
               +--------+--------+--------+--------+--------+-----+--------+

Top non-repeatable levels by time:
 Snake:4: 3728 daAuts
  Lair:5: 3430 daAuts
    D:11: 3405 daAuts
Shoals:4: 2959 daAuts
   Orc:2: 2565 daAuts
    D:10: 2514 daAuts
     D:9: 2484 daAuts
 Snake:3: 2414 daAuts
 Snake:2: 2397 daAuts
     D:6: 2315 daAuts
    D:15: 2283 daAuts
Shoals:1: 2248 daAuts
  Lair:2: 2155 daAuts
     D:8: 2022 daAuts
  Lair:1: 1947 daAuts
